 Dungeon Crawl Stone Soup version 0.23.2-40-g277498a001 (webtiles) character file.

Game seed: 5984281661757278930

7905 Devam the Basher (level 11, -4/90 HPs)
             Began as a Demonspawn Gladiator on Sept 4, 2019.
             Was a Priest of Makhleb.
             Slain by a wraith (6 damage)
             ... led by Josephine
             ... on level 11 of the Dungeon.
             The game lasted 00:42:09 (15072 turns).

Devam the Basher (Demonspawn Gladiator)            Turns: 15072, Time: 00:42:10

Health: -4/90      AC: 13    Str: 19    XL:     11   Next: 2%
Magic:  20/20      EV: 13    Int:  4    God:    Makhleb [***...]
Gold:   556        SH:  0    Dex: 18    Spells: 10/10 levels left

rFire    + . .     SeeInvis .   a - +0 morningstar
rCold    + . .     Gourm    .   (no shield)
rNeg     + . .     Faith    +   K - +2 leather armour {rF+}
rPois    .         Spirit   .   c - +0 helmet
rElec    .         Reflect  .   u - +0 cloak
rCorr    .         Harm     .   P - +1 pair of gloves
MR       ++...                  (no boots)
Stlth    +.........             G - amulet "Kaloib" {Faith MR++ Str+2 Int-5 Dex+2}
HPRegen  0.25/turn              m - ring of magical power
MPRegen  0.17/turn              O - ring of positive energy

@: lethally poisoned (-4 -> -8), lightly drained
A: talons 1, iridescent scales 2, cold resistance 1, powered by pain 3, freezing
cloud immunity
a: Minor Destruction, Lesser Servant of Makhleb, Renounce Religion


You were on level 11 of the Dungeon.
You worshipped Makhleb.
Makhleb was most pleased with you.
You were not hungry.

You visited 2 branches of the dungeon, and saw 12 of its levels.

You collected 556 gold pieces.

Inventory:

Hand Weapons
 a - a +0 morningstar (weapon)
 M - the +4 hunting sling of Inquiry {freeze, rPois MR- Int+3}
   (You found it on level 9 of the Dungeon)

   It causes projectiles fired from it to freeze those they strike, causing
   extra injury to most foes and up to half again as much damage against
   particularly susceptible opponents.
   They can also slow down cold-blooded creatures.
   It affects your intelligence (+3).
   It protects you from poison.
   It affects your resistance to hostile enchantments.
Missiles
 d - 2 throwing nets
 e - 294 stones
 w - 10 tomahawks (quivered)
 C - 10 poisoned needles
 L - 3 steel tomahawks
 U - 7 curare-tipped needles
Armour
 c - a +0 helmet (worn)
 u - a +0 cloak (worn)
 K - a +2 leather armour of fire resistance (worn)
 P - a +1 pair of gloves (worn)
Jewellery
 g - an uncursed ring of ice
 m - a ring of magical power (left hand)
 G - the amulet "Kaloib" (around neck) {Faith MR++ Str+2 Int-5 Dex+2}
   (You found it on level 7 of the Dungeon)

   [amulet of faith]

   It allows you to gain divine favour quickly.
   It affects your strength (+2).
   It affects your intelligence (-5).
   It affects your dexterity (+2).
   It affects your resistance to hostile enchantments.
 N - a +5 amulet of reflection
 O - a ring of positive energy (right hand)
Wands
 j - a wand of iceblast (8)
 l - a wand of disintegration (37)
 v - a wand of polymorph (3)
 x - a wand of scattershot (7)
 z - a wand of acid (11)
 D - a wand of clouds (9)
 E - a wand of random effects (19)
 F - a wand of flame (15)
 I - a wand of paralysis (6)
Scrolls
 h - 3 scrolls of enchant weapon
 i - 2 scrolls of amnesia
 k - 4 scrolls of teleportation
 o - 6 scrolls of remove curse {@r2}
 q - 6 scrolls of magic mapping
 y - 2 scrolls of fog
 B - a scroll of vulnerability
 H - a scroll of fear
 R - a scroll of silence {unknown}
 S - a scroll of blinking {unknown}
 T - a scroll of random uselessness {unknown}
 V - 3 scrolls of enchant armour {unknown}
Potions
 b - a potion of haste
 n - 3 potions of mutation
 p - a potion of cancellation
 r - a potion of invisibility
 s - 3 potions of lignification
 t - 2 potions of magic
 A - a potion of resistance
 J - a potion of ambrosia
Comestibles
 f - 26 rations


   Skills:
 + Level 10.1(9.8) Fighting
 + Level 12.7(12.3) Maces & Flails
 - Level 1.7(1.5) Throwing
 - Level 2.6(2.4) Dodging


You had 10 spell levels left.
You didn't know any spells.
Your spell library contained the following spells:

 Spells                   Type           Power        Failure   Level  Hunger
 Corona                   Hex            #......      56%         1    ##.....
 Freeze                   Ice            #...         56%         1    ##.....
 Ensorcelled Hibernation  Hex/Ice        #.....       71%         2    ###....
 Throw Frost              Conj/Ice       #.....       71%         2    ###....
 Confuse                  Hex            #.......     90%         3    ####...
 Dazzling Spray           Conj/Hex       #.....       90%         3    ####...
 Ozocubu's Armour         Chrm/Ice       #.......     90%         3    ####...
 Tukima's Dance           Hex            #.......     90%         3    ####...
 Summon Ice Beast         Ice/Summ       #.......     100%        4    #####..
 Throw Icicle             Conj/Ice       #.......     100%        4    #####..


Dungeon Overview and Level Annotations

Branches:
Dungeon (11/15)            Temple (1/1) D:5             Orc (0/2) D:10
   Lair: D:8-11

Altars:
Ashenzari
Cheibriados
Dithmenos
Elyvilon
Fedhas
Gozag
Hepliaklqana
Kikubaaqudgha
Makhleb
Nemelex Xobeh
Qazlal
Ru
Sif Muna
Trog
Uskayaw
Wu Jian
Xom
Yredelemnul
Zin
The Shining One

Shops:
D:6 [

Annotations:
D:8 3 runed translucent doors, Amplified's ghost, novice MfSu
D:10 Sonja
D:11 Josephine


Innate Abilities, Weirdness & Mutations

You have sharp toenails.
You are mostly covered in iridescent scales. (AC +4)
Your flesh is cold resistant. (rC+)
You are powered by pain.
You are immune to freezing clouds.


Message History

You enter the shallow water.
Moving in this stuff is going to be slow.
* * * LOW HITPOINT WARNING * * *
You feel very sick.
Josephine seems to regain her courage.
The wraith hits you but does no damage.
* * * LOW HITPOINT WARNING * * *
You feel sick. The wraith hits you.
* * * LOW HITPOINT WARNING * * *
The wraith hits you but does no damage.
You see here a +0 giant club.
* * * LOW HITPOINT WARNING * * *
You feel sick. The wraith closely misses you.
* * * LOW HITPOINT WARNING * * *
You feel sick.
Your magical effects are unravelling.
You feel magically purged.
You feel yourself speed up.
* * * LOW HITPOINT WARNING * * *
You feel sick. The wraith hits you but does no damage. The wraith hits you.
You die...

#...........#
#........#...
#.#......######
#...§§##......+
#.....##W≈###.#
#.#.....vW# ###
#...#####W###.(..
#...#...#W.....#
#...'...#@W....# ... .##
#.#.#...#......#....._....
#...#...#.........#.......
#...#...#.###.#+#.......#.
#.#.#####.. .#.#.......#.
#...# #######.#.........
#...# ....##.#.........
#.#.# #...##.#.......#.
#.#.######...##.#....<..#.


You could see 5 wraiths and an insubstantial wisp.

Vanquished Creatures
  Erica (D:8)
  Pikel (D:6)
  Joseph (D:7)
  The ghost of Frank2 the Chopper, a novice DgGl (D:5)
  A komodo dragon (D:11)
  A hippogriff (D:10)
  2 wyverns (D:10)
  Grum (D:8)
  Eustachio (D:4)
  A steam dragon (D:11)
  A hungry ghost (D:9)
  A soldier ant (D:10)
  A water moccasin (D:5)
  Duvessa (D:5)
  2 black bears (D:7)
  An orc warrior (D:6)
  4 sky beasts
  6 ice beasts
  5 ogres
  2 phantoms
  A necrophage (D:7)
  5 centaurs
  4 wolves
  3 big kobolds
  A crocodile (D:7)
  Blork the orc (D:4)
  4 bullfrogs
  A wyvern zombie (D:11)
  Dowan (D:5)
  A scorpion (D:8)
  A wyvern skeleton (D:7)
  11 wights
  A howler monkey (D:3)
  A centaur zombie (D:11)
  A bullfrog zombie (D:11)
  2 crimson imps
  A jelly (D:5)
  A quasit (D:7)
  A centaur skeleton (D:4)
  3 orc priests
  2 hounds
  6 orc wizards
  Crazy Yiuf (D:6)
  6 worker ants
  A worker ant zombie (D:7)
  A hound skeleton (D:4)
  Robin (D:2)
  10 adders
  A shadow imp (D:6)
  2 adder zombies
  A worm (D:4)
  3 dart slugs
  3 leopard geckos
  22 orcs
  5 giant cockroaches
  13 goblins
  7 hobgoblins
  12 jackals
  A quokka (D:3)
  2 ball pythons
  7 bats
  12 frilled lizards
  A giant cockroach zombie (D:5)
  20 kobolds
  2 leopard gecko skeletons
  7 rats
229 creatures vanquished.

Vanquished Creatures (others)
  A slave (D:7)
  A bullfrog (D:7)
  A jackal (D:7)
  4 fungi (D:5)
  5 plants (D:11)
12 creatures vanquished.

Grand Total: 241 creatures vanquished

Notes
Turn   | Place    | Note
-------+----------+-------------------------------------------
     0 | D:1      | Devam the Demonspawn Gladiator began the quest for the Orb.
     0 | D:1      | Reached XP level 1. HP: 16/16 MP: 1/1
    65 | D:1      | Reached skill level 3 in Maces & Flails
   359 | D:1      | Gained mutation: Your flesh is cold resistant. (rC+)
                  | [demonic ancestry]
   359 | D:1      | Reached XP level 2. HP: 16/22 MP: 2/2
  1186 | D:2      | Gained mutation: You are partially covered in iridescent
                  | scales. (AC +2) [demonic ancestry]
  1186 | D:2      | Reached XP level 3. HP: 26/27 MP: 3/3
  1268 | D:2      | Reached skill level 4 in Maces & Flails
  1503 | D:2      | Noticed Robin
  1811 | D:2      | Killed Robin
  1811 | D:2      | Reached XP level 4. HP: 23/33 MP: 4/4
  2486 | D:3      | Reached skill level 5 in Maces & Flails
  2613 | D:3      | Gained mutation: You sometimes gain a little power by
                  | taking damage. [demonic ancestry]
  2613 | D:3      | Reached XP level 5. HP: 22/38 MP: 5/5
  2867 | D:3      | Found a sacrificial altar of Ru.
  3326 | D:4      | Noticed Eustachio
  3356 | D:4      | Found a sparkling altar of Nemelex Xobeh.
  3950 | D:3      | Reached skill level 6 in Maces & Flails
  3994 | D:3      | Gained mutation: You sometimes gain power by taking damage.
                  | [demonic ancestry]
  3994 | D:3      | Reached XP level 6. HP: 44/44 MP: 6/6
  4666 | D:4      | Killed Eustachio
  4666 | D:4      | Reached skill level 7 in Maces & Flails
  4792 | D:4      | Gained mutation: You are immune to freezing clouds.
                  | [demonic ancestry]
  4792 | D:4      | Reached XP level 7. HP: 22/50 MP: 7/7
  4976 | D:4      | Found a basalt altar of Yredelemnul.
  5220 | D:4      | Reached skill level 8 in Maces & Flails
  5376 | D:4      | Found a deep blue altar of Sif Muna.
  5614 | D:5      | Entered Level 5 of the Dungeon
  5614 | D:5      | Found a staircase to the Ecumenical Temple.
  5637 | Temple   | Entered the Ecumenical Temple
  5657 | Temple   | Became a worshipper of Makhleb the Destroyer
  5869 | D:5      | Noticed Duvessa
  5869 | D:5      | Noticed Dowan
  5887 | D:5      | Killed Duvessa
  6037 | D:4      | Noticed Blork the orc
  6235 | D:4      | Killed Blork the orc
  6375 | D:5      | Reached skill level 9 in Maces & Flails
  6375 | D:5      | Gained mutation: You have sharp toenails. [demonic
                  | ancestry]
  6375 | D:5      | Reached XP level 8. HP: 48/56 MP: 8/8
  6393 | D:5      | Found a runed translucent gate.
  6394 | D:5      | Found a runed translucent gate.
  6395 | D:5      | Found a runed translucent gate.
  6395 | D:5      | Noticed Frank2's ghost (novice DgGl)
  6396 | D:5      | Identified the +8 short sword of the Saviour {drain, +Blink
                  | Str+4 Dex-2 SInv}
  6634 | D:5      | Killed Dowan
  6771 | D:6      | Found a bloodstained altar of Trog.
  6943 | D:6      | Found Arennir's Armour Boutique.
  7216 | D:6      | Found a runed translucent door.
  7217 | D:6      | Noticed Crazy Yiuf
  7225 | D:6      | Killed Crazy Yiuf
  7232 | D:6      | Got a bloodstained mace
  7233 | D:6      | Identified the cursed +1 mace of Gaeroaph {antimagic, +Fly
                  | rF+ MP+9} (You found it on level 6 of the Dungeon)
  7340 | D:6      | Found a snail-covered altar of Cheibriados.
  7340 | D:6      | Found an opulent altar of Gozag.
  7341 | D:6      | Found a blossoming altar of Fedhas.
  7944 | D:7      | Reached skill level 10 in Maces & Flails
  8371 | D:7      | Noticed Pikel
  8405 | D:6      | Killed Pikel
  8405 | D:6      | Reached skill level 5 in Fighting
  8405 | D:6      | Gained mutation: You are powered by pain. [demonic
                  | ancestry]
  8405 | D:6      | Reached XP level 9. HP: 44/68 MP: 9/9
  8552 | D:7      | Noticed Joseph
  8800 | D:7      | Killed Joseph
  9220 | D:7      | Reached * piety under Makhleb
  9262 | D:7      | Got a crude copper amulet
  9385 | D:7      | Identified the amulet "Kaloib" {Faith MR++ Str+2 Int-5
                  | Dex+2} (You found it on level 7 of the Dungeon)
  9427 | D:7      | Found a shattered altar of Ashenzari.
  9730 | D:7      | Reached skill level 11 in Maces & Flails
  9813 | D:7      | Found an ancient bone altar of Kikubaaqudgha.
  9986 | D:8      | Noticed Grum
 10682 | D:8      | Noticed Erica
 10845 | D:8      | Killed Grum
 10849 | D:8      | Gained mutation: You are mostly covered in iridescent
                  | scales. (AC +4) [demonic ancestry]
 10849 | D:8      | Reached XP level 10. HP: 46/80 MP: 10/10
 11081 | D:8      | Found a runed translucent gate.
 11081 | D:8      | Found a runed translucent gate.
 11082 | D:8      | Found a runed translucent gate.
 11083 | D:8      | Noticed Amplified's ghost (novice MfSu)
 11088 | D:8      | Killed Erica
 11755 | D:9      | Got a twisted hunting sling
 11776 | D:9      | Identified the +4 hunting sling of Inquiry {freeze, rPois
                  | MR- Int+3} (You found it on level 9 of the Dungeon)
 11855 | D:9      | Reached ** piety under Makhleb
 12627 | D:9      | Reached skill level 12 in Maces & Flails
 12713 | D:10     | Entered Level 10 of the Dungeon
 12845 | D:10     | Found a staircase to the Orcish Mines.
 13277 | D:10     | Reached *** piety under Makhleb
 13345 | D:10     | Noticed Sonja
 14298 | D:5      | Killed Frank2's ghost
 14752 | D:11     | Reached skill level 10 in Fighting
 14815 | D:11     | Found an ancient bone altar of Kikubaaqudgha.
 14817 | D:11     | Noticed a white ugly thing
 14817 | D:11     | Noticed a white ugly thing
 15033 | D:11     | Reached XP level 11. HP: 90/90 MP: 11/11
 15053 | D:11     | Noticed Josephine
 15070 | D:11     | HP: 3/90 [poisoned by Josephine]
 15072 | D:11     | Slain by a wraith

Skill      XL: |  1  2  3  4  5  6  7  8  9 10 |
---------------+-------------------------------+-----
Maces & Flails | 3 4 5 6 7 9 10 11 12 | 12.7
Fighting       | 5 7 10 | 10.1
Throwing       | |  1.7
Dodging        | |  2.6

Action                   |  1- 3 |  4- 6 |  7- 9 | 10-12 || total
-------------------------+-------+-------+-------+-------++-------
Melee: Flail             |   151 |   144 |   260 |       ||   555
       Unarmed           |       |    33 |       |       ||    33
       Kick              |       |       |    89 |    95 ||   184
       Morningstar       |       |       |    84 |   287 ||   371
Throw: Stone             |    19 |    14 |    21 |       ||    54
       Throwing net      |     1 |       |       |       ||     1
       Tomahawk          |       |     2 |    14 |     3 ||    19
  Use: Scroll            |       |    13 |     8 |     7 ||    28
       Potion            |       |     1 |     1 |     4 ||     6
 Stab: Sleeping          |     1 |       |       |       ||     1
  Eat: Chunk             |     3 |    10 |    12 |    12 ||    37
       Ration            |       |       |     2 |     1 ||     3
Armor: Leather armour    |    72 |    52 |    96 |   118 ||   338
       Skin              |    10 |    12 |       |    11 ||    33
Dodge: Dodged            |   132 |   135 |   210 |   171 ||   648
